Workbook

Sheet Consolidated
D1: Vacation Items Checklist
B3: Submission Date (dd/mm/yy)
B4: Client Name
B5: Client Contact Number | C5: Mobile: | E5: Postal Code
B6: Delivery Address
B7: Delivery/Request Date(dd/mm/yy) | E7: Preferred Time
B8: Client Email Address
B10: Bill to (Company Name)(If applicable)
B11: Billing Address (Company Address) | E11: Postal Code
B12: Company Contact | C12: TEL: | E12: FAX:
B13: Company Email Address
B15: Type of Lease(Corporate/Personal/Others):
B16: Lease Duration- 1/2/3 mth(s):
B17: Family Size:
B18: Remarks if any:
B20: Summary | C20: Total Value S$
B21: Furniture | C21: ='STR Checklist'!E144 -> 0
B22: Bedlinen & Bathroom items | C22: ='STR Checklist'!E145 -> 0
B23: Electronics | C23: ='STR Checklist'!E146 -> 0
B24: Kitchenware, Tableware & Others | C24: ='STR Checklist'!E147 -> 0
B25: Consumable & New-Sale Only | C25: ='STR Checklist'!E148 -> 0
B26: Sub Total | C26: =SUM(C21:C25) -> 0 | D26: (A)
B27: Security Deposit | C27: 200
B28: Transport | C28: 200 | D28: (B)
B29: Condominium Management Charges (Non-refundable) | D29: ( C)
B30: GST 9%* | C30: =(C26+C28+C29)*0.09 -> 18 | D30: (9% of A + B + C)
B31: Grand Total | C31: =SUM(C26:C30) -> 418
B33: Terms & Conditions:
B34: 1. The rates quoted for short term rental are applicable on a minimum of one month, renewable on monthly basis and can be prorated at a fortnightly period after the fulfilment of the first month.
B35: 2. The furniture is reconditioned and all linens are freshly laundered. All items are subject to availability. We hope you understand that you are unable to select the design and colour for short-term rentals.
B36: 3. Full payment (rental + SD + transportation) needs to be paid upon order confirmation, prior to the delivery.
B37: 4. Payment by credit cards are subject to handling charges / Cheque must be cleared before delivery. (Please refer to "Payment Details")
B38: 5. Security Deposit is fully refundable within 14 days after expiry of the lease (without interest) and is held by WTP against loss or willful misure of the furniture.
B39: 6. Condominium management charges (if applicable) will be borne by the client.
B40: 7. Transportation is charged at $200 (delivery and collection). Subsequent trips are chargeable at a minimum of $100.00 per trip.
B41: 8. Delivery and Collection of furniture - 3 working days is required upon confirmation (excluding Public Holidays & Weekends).
B42: 9. Items which are soiled, damaged or missing will be invoiced separately.
B43: 10. Signed proposal is final as confirmation of order. Cancellation will attract a 50% penalty charge based on monthly rental.
B44: 11. We are unable to cancel specific items 24 hours before delivery. For any cancellation of items 24 hours before delivery, or items cancelled during the delivery, there will be no adjustment to the monthly rental.
... B49: Signature:

Sheet STR Checklist
F2: Vacation Items Checklist
B4: =Consolidated!$C$4 -> 0
B5: Category | C5: Nav Code | D5: Code | E5: Category | F5: Item Description | G5: Qty | H5: Rates | I5: Total Value | J5: Done
B6: Living room | C6: Item | D6: STR/FUR/001 | E6: Living room | F6: 2 Seater Sofa | H6: 100 | I6: =Checklist23234[[#This Row],[Qty]]*Checklist23234[[#This Row],[Rates]] -> 0
C7: Item | D7: STR/FUR/002 | E7: Living room | F7: 3 Seater Sofa | H7: 150 | I7: =Checklist23234[[#This Row],[Qty]]*Checklist23234[[#This Row],[Rates]] -> 0
C8: Item | D8: STR/FUR/003 | E8: Living room | F8: L-Shaped Sofa | H8: 300 | I8: =Checklist23234[[#This Row],[Qty]]*Checklist23234[[#This Row],[Rates]] -> 0
C9: Item | D9: STR/FUR/004 | E9: Living room | F9: Coffee Table | H9: 50 | I9: =Checklist23234[[#This Row],[Qty]]*Checklist23234[[#This Row],[Rates]] -> 0
C10: Item | D10: STR/FUR/005 | E10: Living room | F10: Wooden Armchair | H10: 45 | I10: =Checklist23234[[#This Row],[Qty]]*Checklist23234[[#This Row],[Rates]] -> 0
C11: Item | D11: STR/FUR/006 | E11: Living room | F11: Upholstered Armchair | H11: 60 | I11: =Checklist23234[[#This Row],[Qty]]*Checklist23234[[#This Row],[Rates]] -> 0
C12: Item | D12: STR/FUR/007 | E12: Living room | F12: Side table | H12: 30 | I12: =Checklist23234[[#This Row],[Qty]]*Checklist23234[[#This Row],[Rates]] -> 0
C13: Item | D13: STR/FUR/008 | E13: Living room | F13: TV Sideboard | H13: 90 | I13: =Checklist23234[[#This Row],[Qty]]*Checklist23234[[#This Row],[Rates]] -> 0
C14: Item | D14: STR/FUR/009 | E14: Living room | F14: Console Table | H14: 50 | I14: =Checklist23234[[#This Row],[Qty]]*Checklist23234[[#This Row],[Rates]] -> 0
C15: Item | D15: STR/ELE/001 | E15: Living room | F15: Table Lamp | H15: 15 | I15: =Checklist23234[[#This Row],[Qty]]*Checklist23234[[#This Row],[Rates]] -> 0
C16: Item | D16: STR/ELE/002 | E16: Living room | F16: Floor Lamp | H16: 25 | I16: =Checklist23234[[#This Row],[Qty]]*Checklist23234[[#This Row],[Rates]] -> 0
B17: Dining Room | C17: Item | D17: STR/FUR/010 | E17: Dining Room | F17: 4-Seater Dining Table & Chairs | H17: 180 | I17: =Checklist23234[[#This Row],[Qty]]*Checklist23234[[#This Row],[Rates]] -> 0
C18: Item | D18: STR/FUR/011 | E18: Dining Room | F18: 6-Seater Dining Table & Chairs | H18: 200 | I18: =Checklist23234[[#This Row],[Qty]]*Checklist23234[[#This Row],[Rates]] -> 0
C19: Item | D19: STR/FUR/012 | E19: Dining Room | F19: 8-Seater Dining Table & Chairs | H19: 260 | I19: =Checklist23234[[#This Row],[Qty]]*Checklist23234[[#This Row],[Rates]] -> 0
C20: Item | D20: STR/FUR/013 | E20: Dining Room | F20: Dining Table | H20: 125 | I20: =Checklist23234[[#This Row],[Qty]]*Checklist23234[[#This Row],[Rates]] -> 0
C21: Item | D21: STR/FUR/014 | E21: Dining Room | F21: Dining Chair | H21: 13 | I21: =Checklist23234[[#This Row],[Qty]]*Checklist23234[[#This Row],[Rates]] -> 0
C22: Item | D22: STR/FUR/015 | E22: Dining Room | F22: Buffet Sideboard | H22: 90 | I22: =Checklist23234[[#This Row],[Qty]]*Checklist23234[[#This Row],[Rates]] -> 0
B23: Bedroom | C23: Item | D23: STR/FUR/016 | E23: Bedroom | F23: King Headboard | H23: 40 | I23: =Checklist23234[[#This Row],[Qty]]*Checklist23234[[#This Row],[Rates]] -> 0
C24: Item | D24: STR/FUR/017 | E24: Bedroom | F24: King Divan Bed +Spring Mattress W182XL190cm | H24: 160 | I24: =Checklist23234[[#This Row],[Qty]]*Checklist23234[[#This Row],[Rates]] -> 0
C25: Item | D25: STR/FUR/018 | E25: Bedroom | F25: Queen Headboard | H25: 30 | I25: =Checklist23234[[#This Row],[Qty]]*Checklist23234[[#This Row],[Rates]] -> 0
C26: Item | D26: STR/FUR/019 | E26: Bedroom | F26: Queen Divan Bed+Spring Mattress W152 xL190cm | H26: 150 | I26: =Checklist23234[[#This Row],[Qty]]*Checklist23234[[#This Row],[Rates]] -> 0
C27: Item | D27: STR/FUR/020 | E27: Bedroom | F27: Single Headboard | H27: 25 | I27: =Checklist23234[[#This Row],[Qty]]*Checklist23234[[#This Row],[Rates]] -> 0
C28: Item | D28: STR/FUR/021 | E28: Bedroom | F28: Single Divan Bed+Spring Mattress W90 x L190cm | H28: 100 | I28: =Checklist23234[[#This Row],[Qty]]*Checklist23234[[#This Row],[Rates]] -> 0
C29: Item | D29: STR/FUR/022 | E29: Bedroom | F29: Bedside Table | H29: 20 | I29: =Checklist23234[[#This Row],[Qty]]*Checklist23234[[#This Row],[Rates]] -> 0
C30: Item | D30: STR/ELE/003 | E30: Bedroom | F30: Bedside Lamp | H30: 15 | I30: =Checklist23234[[#This Row],[Qty]]*Checklist23234[[#This Row],[Rates]] -> 0
B31: Bedlinen - Freshly Laundered | C31: Item | D31: STR/BNT/001 | E31: Bedlinen | F31: King Bedlinen Set* | H31: 180 | I31: =Checklist23234[[#This Row],[Qty]]*Checklist23234[[#This Row],[Rates]] -> 0
C32: Item | D32: STR/BNT/002 | E32: Bedlinen | F32: King Bedlinen Change Set (covers & sheet only) | H32: 120 | I32: =Checklist23234[[#This Row],[Qty]]*Checklist23234[[#This Row],[Rates]] -> 0
B33: (*All sets include Fitted Sheet, Pillows w/Case & Protector, Duvet w/cover and Mattress Protector) | C33: Item | D33: STR/BNT/003 | E33: Bedlinen | F33: Queen Bedlinen Set* | H33: 160 | I33: =Checklist23234[[#This Row],[Qty]]*Checklist23234[[#This Row],[Rates]] -> 0
C34: Item | D34: STR/BNT/004 | E34: Bedlinen | F34: Queen Bedlinen Change Set (covers & sheet only) | H34: 100 | I34: =Checklist23234[[#This Row],[Qty]]*Checklist23234[[#This Row],[Rates]] -> 0
C35: Item | D35: STR/BNT/005 | E35: Bedlinen | F35: Single Bedlinen Set* | H35: 120 | I35: =Checklist23234[[#This Row],[Qty]]*Checklist23234[[#This Row],[Rates]] -> 0
C36: Item | D36: STR/BNT/006 | E36: Bedlinen | F36: Single Bedlinen Change Set (covers & sheet only) | H36: 60 | I36: =Checklist23234[[#This Row],[Qty]]*Checklist23234[[#This Row],[Rates]] -> 0
B37: Bedlinen New - For Sale Only | C37: Item | D37: STR/CNS/001 | E37: Bedlinen - New | F37: King Bedlinen Set ^Brand New | H37: 300 | I37: =Checklist23234[[#This Row],[Qty]]*Checklist23234[[#This Row],[Rates]] -> 0
B38: ( ^Fitted Sheet + Duvet w/Cover + 2Pc (King & Queen) or 1pc (Single)Pillows w/ Covers ) | C38: Item | D38: STR/CNS/002 | E38: Bedlinen - New | F38: Queen Bedlinen Set ^Brand New | H38: 280 | I38: =Checklist23234[[#This Row],[Qty]]*Checklist23234[[#This Row],[Rates]] -> 0
C39: Item | D39: STR/CNS/003 | E39: Bedlinen - New | F39: Single Bedlinen Set ^Brand New | H39: 230 | I39: =Checklist23234[[#This Row],[Qty]]*Checklist23234[[#This Row],[Rates]] -> 0
B40: Study Room & Optional | C40: Item | D40: STR/FUR/023 | E40: Study Room & Optional | F40: Writing Table | H40: 60 | I40: =Checklist23234[[#This Row],[Qty]]*Checklist23234[[#This Row],[Rates]] -> 0
C41: Item | D41: STR/FUR/024 | E41: Study Room & Optional | F41: Writing Chair | H41: 30 | I41: =Checklist23234[[#This Row],[Qty]]*Checklist23234[[#This Row],[Rates]] -> 0
C42: Item | D42: STR/ELE/004 | E42: Study Room & Optional | F42: Study Lamp | H42: 15 | I42: =Checklist23234[[#This Row],[Qty]]*Checklist23234[[#This Row],[Rates]] -> 0
C43: Item | D43: STR/FUR/025 | E43: Study Room & Optional | F43: Bookshelf | H43: 60 | I43: =Checklist23234[[#This Row],[Qty]]*Checklist23234[[#This Row],[Rates]] -> 0
C44: Item | D44: STR/FUR/026 | E44: Study Room & Optional | F44: Chest of Drawers | H44: 70 | I44: =Checklist23234[[#This Row],[Qty]]*Checklist23234[[#This Row],[Rates]] -> 0
C45: Item | D45: STR/FUR/027 | E45: Study Room & Optional | F45: Outdoor Table and 4 Chairs | H45: 180 | I45: =Checklist23234[[#This Row],[Qty]]*Checklist23234[[#This Row],[Rates]] -> 0
C46: Item | D46: STR/FUR/028 | E46: Study Room & Optional | F46: Standing Mirror | H46: 50 | I46: =Checklist23234[[#This Row],[Qty]]*Checklist23234[[#This Row],[Rates]] -> 0
B47: Electronics | C47: Item | D47: STR/ELE/006 | E47: Electronics | F47: TV 40" + cable | H47: 220 | I47: =Checklist23234[[#This Row],[Qty]]*Checklist23234[[#This Row],[Rates]] -> 0
C48: Item | D48: STR/ELE/007 | E48: Electronics | F48: Microwave | H48: 40 | I48: =Checklist23234[[#This Row],[Qty]]*Checklist23234[[#This Row],[Rates]] -> 0
C49: Item | D49: STR/ELE/008 | E49: Electronics | F49: Vacuum Cleaner | H49: 40 | I49: =Checklist23234[[#This Row],[Qty]]*Checklist23234[[#This Row],[Rates]] -> 0
C50: Item | D50: STR/ELE/009 | E50: Electronics | F50: Coffee Maker | H50: 40 | I50: =Checklist23234[[#This Row],[Qty]]*Checklist23234[[#This Row],[Rates]] -> 0
C51: Item | D51: STR/ELE/012 | E51: Electronics | F51: Bread Toaster | H51: 30 | I51: =Checklist23234[[#This Row],[Qty]]*Checklist23234[[#This Row],[Rates]] -> 0
C52: Item | D52: STR/ELE/013 | E52: Electronics | F52: Electric Kettle | H52: 30 | I52: =Checklist23234[[#This Row],[Qty]]*Checklist23234[[#This Row],[Rates]] -> 0
C53: Item | D53: STR/ELE/014 | E53: Electronics | F53: Iron & Iron Board | H53: 55 | I53: =Checklist23234[[#This Row],[Qty]]*Checklist23234[[#This Row],[Rates]] -> 0
C54: Item | D54: STR/ELE/017 | E54: Electronics | F54: Standing Fan | H54: 40 | I54: =Checklist23234[[#This Row],[Qty]]*Checklist23234[[#This Row],[Rates]] -> 0
B55: Bathroom | C55: Item | D55: STR/BNT/007 | E55: Bathroom | F55: Bath Towel | H55: 12 | I55: =Checklist23234[[#This Row],[Qty]]*Checklist23234[[#This Row],[Rates]] -> 0
C56: Item | D56: STR/BNT/008 | E56: Bathroom | F56: Face Towel | H56: 2 | I56: =Checklist23234[[#This Row],[Qty]]*Checklist23234[[#This Row],[Rates]] -> 0
C57: Item | D57: STR/BNT/009 | E57: Bathroom | F57: Hand Towel | H57: 6 | I57: =Checklist23234[[#This Row],[Qty]]*Checklist23234[[#This Row],[Rates]] -> 0
C58: Item | D58: STR/BNT/010 | E58: Bathroom | F58: Bathmat | H58: 6 | I58: =Checklist23234[[#This Row],[Qty]]*Checklist23234[[#This Row],[Rates]] -> 0
C59: Item | D59: STR/BNT/011 | E59: Bathroom | F59: Towel - 1 Set (bath + hand + face ) - freshly laundered | H59: 20 | I59: =Checklist23234[[#This Row],[Qty]]*Checklist23234[[#This Row],[Rates]] -> 0
C60: Item | D60: STR/CNS/004 | E60: Bathroom | F60: Towel - 1 Set (bath + hand + face ) - New for Sale only | H60: 40 | I60: =Checklist23234[[#This Row],[Qty]]*Checklist23234[[#This Row],[Rates]] -> 0
B61: Kitchenware | C61: Item | D61: STR/SND/001 | E61: Kitchenware | F61: Non-Stick Frypan | H61: 34 | I61: =Checklist23234[[#This Row],[Qty]]*Checklist23234[[#This Row],[Rates]] -> 0
C62: Item | D62: STR/SND/002 | E62: Kitchenware | F62: Casserole with Glass Cover | H62: 19 | I62: =Checklist23234[[#This Row],[Qty]]*Checklist23234[[#This Row],[Rates]] -> 0
C63: Item | D63: STR/SND/003 | E63: Kitchenware | F63: Sauce Pan 16cm | H63: 11 | I63: =Checklist23234[[#This Row],[Qty]]*Checklist23234[[#This Row],[Rates]] -> 0
C64: Item | D64: STR/SND/004 | E64: Kitchenware | F64: Sauce Pan 18cm | H64: 12 | I64: =Checklist23234[[#This Row],[Qty]]*Checklist23234[[#This Row],[Rates]] -> 0
C65: Item | D65: STR/SND/005 | E65: Kitchenware | F65: Sauce Pan 20cm | H65: 19 | I65: =Checklist23234[[#This Row],[Qty]]*Checklist23234[[#This Row],[Rates]] -> 0
C66: Item | D66: STR/SND/007 | E66: Kitchenware | F66: Chefs Knife | H66: 11 | I66: =Checklist23234[[#This Row],[Qty]]*Checklist23234[[#This Row],[Rates]] -> 0
C67: Item | D67: STR/SND/008 | E67: Kitchenware | F67: Bread Knife | H67: 6 | I67: =Checklist23234[[#This Row],[Qty]]*Checklist23234[[#This Row],[Rates]] -> 0
C68: Item | D68: STR/SND/009 | E68: Kitchenware | F68: Vegetable Knife | H68: 3 | I68: =Checklist23234[[#This Row],[Qty]]*Checklist23234[[#This Row],[Rates]] -> 0
C69: Item | D69: STR/SND/010 | E69: Kitchenware | F69: 4-Way Grater | H69: 4 | I69: =Checklist23234[[#This Row],[Qty]]*Checklist23234[[#This Row],[Rates]] -> 0
C70: Item | D70: STR/SND/011 | E70: Kitchenware | F70: Can Opener | H70: 11 | I70: =Checklist23234[[#This Row],[Qty]]*Checklist23234[[#This Row],[Rates]] -> 0
C71: Item | D71: STR/SND/012 | E71: Kitchenware | F71: Egg Whisk | H71: 3 | I71: =Checklist23234[[#This Row],[Qty]]*Checklist23234[[#This Row],[Rates]] -> 0
C72: Item | D72: STR/SND/013 | E72: Kitchenware | F72: Potato Masher | H72: 4 | I72: =Checklist23234[[#This Row],[Qty]]*Checklist23234[[#This Row],[Rates]] -> 0
C73: Item | D73: STR/SND/014 | E73: Kitchenware | F73: Potato Peeler | H73: 4 | I73: =Checklist23234[[#This Row],[Qty]]*Checklist23234[[#This Row],[Rates]] -> 0
... C83: Item | D83: STR/SND/025 | E83: Kitchenware | F83: Rectangular Baking Dish | H83: 4 | I83: =Checklist23234[[#This Row],[Qty]]*Checklist23234[[#This Row],[Rates]] -> 0
B84: Tableware | C84: Item | D84: STR/SND/026 | E84: Tableware | F84: Dinnerware 2 sets (2 Bowls + 2 Dinner Plates + 2 Side Plates) | H84: 12 | I84: =Checklist23234[[#This Row],[Qty]]*Checklist23234[[#This Row],[Rates]] -> 0
C85: Item | D85: STR/SND/027 | E85: Tableware | F85: Cutlery 4 sets (4 Spoons,4 forks,4 Knives,4 Tea Spoons & 4 Dessert Forks ) | H85: 14 | I85: =Checklist23234[[#This Row],[Qty]]*Checklist23234[[#This Row],[Rates]] -> 0
C86: Item | D86: STR/SND/028 | E86: Tableware | F86: Condiment Set (Salt & Pepper Shaker + Sugar Bowl + Creamer) | H86: 6 | I86: =Checklist23234[[#This Row],[Qty]]*Checklist23234[[#This Row],[Rates]] -> 0
C87: Item | D87: STR/SND/029 | E87: Tableware | F87: Water Pitcher | H87: 8 | I87: =Checklist23234[[#This Row],[Qty]]*Checklist23234[[#This Row],[Rates]] -> 0
C88: Item | D88: STR/SND/030 | E88: Tableware | F88: Drinking Glass | H88: 3 | I88: =Checklist23234[[#This Row],[Qty]]*Checklist23234[[#This Row],[Rates]] -> 0
C89: Item | D89: STR/SND/031 | E89: Tableware | F89: Red Wine Glass | H89: 5 | I89: =Checklist23234[[#This Row],[Qty]]*Checklist23234[[#This Row],[Rates]] -> 0
C90: Item | D90: STR/SND/032 | E90: Tableware | F90: Champagne Glass | H90: 5 | I90: =Checklist23234[[#This Row],[Qty]]*Checklist23234[[#This Row],[Rates]] -> 0
C91: Item | D91: STR/SND/033 | E91: Tableware | F91: Mug | H91: 2 | I91: =Checklist23234[[#This Row],[Qty]]*Checklist23234[[#This Row],[Rates]] -> 0
C92: Item | D92: STR/SND/034 | E92: Tableware | F92: Cup and Saucer | H92: 3 | I92: =Checklist23234[[#This Row],[Qty]]*Checklist23234[[#This Row],[Rates]] -> 0
C93: Item | D93: STR/SND/035 | E93: Tableware | F93: Tea Pot | H93: 4 | I93: =Checklist23234[[#This Row],[Qty]]*Checklist23234[[#This Row],[Rates]] -> 0
B94: Others | C94: Item | D94: STR/SND/036 | E94: Others | F94: Laundry Basket | H94: 8 | I94: =Checklist23234[[#This Row],[Qty]]*Checklist23234[[#This Row],[Rates]] -> 0
C95: Item | D95: STR/SND/037 | E95: Others | F95: Pedal Bin | H95: 15 | I95: =Checklist23234[[#This Row],[Qty]]*Checklist23234[[#This Row],[Rates]] -> 0
C96: Item | D96: STR/SND/038 | E96: Others | F96: Wastepaper basket | H96: 5 | I96: =Checklist23234[[#This Row],[Qty]]*Checklist23234[[#This Row],[Rates]] -> 0
C97: Item | D97: STR/SND/039 | E97: Others | F97: Measuring Tape | H97: 3 | I97: =Checklist23234[[#This Row],[Qty]]*Checklist23234[[#This Row],[Rates]] -> 0
C98: Item | D98: STR/SND/040 | E98: Others | F98: Scissors | H98: 2 | I98: =Checklist23234[[#This Row],[Qty]]*Checklist23234[[#This Row],[Rates]] -> 0
C99: Item | D99: STR/SND/041 | E99: Others | F99: Pen Knife Cutter | H99: 1 | I99: =Checklist23234[[#This Row],[Qty]]*Checklist23234[[#This Row],[Rates]] -> 0
C100: Item | D100: STR/SND/042 | E100: Others | F100: 3-Pin Socket | H100: 4 | I100: =Checklist23234[[#This Row],[Qty]]*Checklist23234[[#This Row],[Rates]] -> 0
C101: Item | D101: STR/SND/043 | E101: Others | F101: Extension Cord (4 Output) | H101: 12 | I101: =Checklist23234[[#This Row],[Qty]]*Checklist23234[[#This Row],[Rates]] -> 0
C102: Item | D102: STR/SND/044 | E102: Others | F102: 4-Step Ladder | H102: 50 | I102: =Checklist23234[[#This Row],[Qty]]*Checklist23234[[#This Row],[Rates]] -> 0
B103: Consumable Items | C103: Item | D103: STR/CNS/005 | E103: Consumable Items | F103: Plastic Bag White Bin Liner 18" x 18" (30 sht/pkt) | H103: 9 | I103: =Checklist23234[[#This Row],[Qty]]*Checklist23234[[#This Row],[Rates]] -> 0
C104: Item | D104: STR/CNS/006 | E104: Consumable Items | F104: Trash Bag - Black 36" x 48" (30 sht/pkt) | H104: 11 | I104: =Checklist23234[[#This Row],[Qty]]*Checklist23234[[#This Row],[Rates]] -> 0
B105: (For Sale only-New ) | C105: Item | D105: STR/CNS/007 | E105: Consumable Items | F105: Aluminum Foil | H105: 3 | I105: =Checklist23234[[#This Row],[Qty]]*Checklist23234[[#This Row],[Rates]] -> 0
C106: Item | D106: STR/CNS/008 | E106: Consumable Items | F106: Plastic Wrap Roll | H106: 5 | I106: =Checklist23234[[#This Row],[Qty]]*Checklist23234[[#This Row],[Rates]] -> 0
C107: Item | D107: STR/CNS/009 | E107: Consumable Items | F107: Toilet Paper Roll (10 roll/pkt) | H107: 8 | I107: =Checklist23234[[#This Row],[Qty]]*Checklist23234[[#This Row],[Rates]] -> 0
C108: Item | D108: STR/CNS/010 | E108: Consumable Items | F108: Kitchen Paper Roll | H108: 4 | I108: =Checklist23234[[#This Row],[Qty]]*Checklist23234[[#This Row],[Rates]] -> 0
C109: Item | D109: STR/CNS/011 | E109: Consumable Items | F109: Hand Liquid Soap | H109: 6 | I109: =Checklist23234[[#This Row],[Qty]]*Checklist23234[[#This Row],[Rates]] -> 0
C110: Item | D110: STR/CNS/012 | E110: Consumable Items | F110: Hand Soap (4 pcs/pkt) | H110: 5 | I110: =Checklist23234[[#This Row],[Qty]]*Checklist23234[[#This Row],[Rates]] -> 0
C111: Item | D111: STR/CNS/013 | E111: Consumable Items | F111: Dishwashing Liquid | H111: 6 | I111: =Checklist23234[[#This Row],[Qty]]*Checklist23234[[#This Row],[Rates]] -> 0
...

Sheet Payment Details
D1: Vacation Items Checklist
C2: PAYMENT DETAILS
B5: Beneficiary Bank Name & Country Location | C5: DBS Bank Limited, Singapore
B6: Beneficiary Bank Address | C6: 12 Marina Boulevard DBS Asia Central Marina Bay Financial Centre Tower 3 Singapore 018982
B7: Beneficiary Bank Code | C7: 7171
B8: Beneficiary Bank Branch Code | C8: 003
B9: Beneficiary Bank Account | C9: 003-955594-6
B10: Swift Code | C10: DBSSSGSG (XXX If require 3 additional code)
B11: Pay Now | C11: 196800553E
B12: DBS Scan to Pay
